 Dungeon Crawl Stone Soup version 0.31-a0-233-g139696dc86 (webtiles) character file.

Game seed: 9988823338748540514

32 qw the Shooter (level 3, 0/21 HPs)
             Began as a Gargoyle Hexslinger on July 9, 2023.
             Slain by a cerulean imp
             ... wielding a +1 spear
             ... summoned by Natasha
              (3 damage)
             ... on level 2 of the Dungeon.
             The game lasted 00:00:18 (854 turns).

qw the Shooter (Gargoyle Hexslinger)                 Turns: 854, Time: 00:00:18

Health: 0/21       AC:  8    Str: 11    XL:     3   Next: 27%
Magic:  4/4        EV: 10    Int: 13    God:
Gold:   65         SH:  0    Dex: 14    Spells: 3/4 levels left

rFire   . . .        Y - +2 sling
rCold   . . .        (no shield)
rNeg    + . .        d - +0 ring mail
rPois   inf          (no helmet)
rElec   +            (no cloak)
rCorr   .            (no gloves)
SInv    .            (no boots)
Will    .....        (no amulet)
Stlth   +            (no ring)
HPRegen 0.23/turn    (no ring)
MPRegen 0.09/turn

%: no passive effects
@: slowed, very slow
A: sickness immunity, AC +3, negative energy resistance 1, electricity
resistance, torment resistance 1, petrification resistance
a: no special abilities


You were on level 2 of the Dungeon.
You visited 1 branch of the dungeon, and saw 2 of its levels.

You collected 65 gold pieces.


Innate Abilities, Weirdness & Mutations

You are immune to sickness and miasma.
Your stone body is resilient. (AC +3)
You are immune to poison.
You resist negative energy. (rN+)
You are resistant to electric shocks. (rElec)
You are resistant to unholy torment.
You are immune to petrification.


   Skills:
 + Level 1.8 Fighting
 - Level 3.3 Ranged Weapons
 - Level 1.5 Dodging
 - Level 1.0 Spellcasting
 - Level 2.6 Hexes


You had 3 spell levels left.
You knew the following spells:

 Your Spells              Type           Power      Damage    Failure   Level
a - Slow                  Hex            28%        N/A       22%         1

Your spell library contained the following spells:

 Spells                   Type           Power      Damage    Failure   Level
 Inner Flame              Hex/Fire       4%         N/A       75%         3
 Portal Projectile        Hex/Tloc       8%         N/A       75%         3
 Cause Fear               Hex            3%         N/A       92%         4

Inventory:

Hand Weapons
 Y - a +2 sling (weapon)
Armour
 d - a +0 ring mail (worn)
Potions
 g - a potion of cancellation {unknown}

Dungeon Overview and Level Annotations

Branches:
Dungeon (2/15)

Altars:

Annotations:
D:2 Natasha


Message History

You shoot a sling bullet. The sling bullet hits Natasha.
Natasha is heavily wounded.
You shoot a sling bullet. The sling bullet barely misses Natasha.
A worm comes into view.
You shoot a sling bullet.
The sling bullet completely misses Natasha.
The sling bullet completely misses the worm.
Natasha hisses.
You shoot a sling bullet. The sling bullet hits Natasha.
Natasha is heavily wounded.
Natasha casts a spell at you.
You feel yourself slow down. Natasha claws you.
You shoot a sling bullet.
The sling bullet closely misses Natasha.
The sling bullet hits the worm.
The worm is lightly wounded.
Natasha claws you.
You shoot a sling bullet. The sling bullet barely misses Natasha.
The sling bullet hits the worm but does no damage.
Natasha completely misses you. Natasha closely misses you.
You shoot a sling bullet. The sling bullet barely misses Natasha.
The sling bullet hits the worm!
The worm is moderately wounded.
Natasha casts a spell at you. The magic dart hits you!
Natasha mumbles some strange words.
Natasha claws you but does no damage.
You shoot a sling bullet. The sling bullet hits Natasha.
Natasha is severely wounded.
Natasha stares at you and mumbles some strange words.
The magic dart hits you but does no damage.
Natasha casts a spell.
The worm bites you.
You shoot a sling bullet.
The sling bullet closely misses Natasha.
The sling bullet barely misses the cerulean imp.
The cerulean imp hits you but does no damage.
Natasha claws you but does no damage.
The cerulean imp hits you with a +1 spear.
You die...

*,#.#######.,,,,,,,,,,,,,,,,,,
*,#..>.........,****,*********
*,###########.#** *,* *,* #.#
*,********* *,**********#.#
*,*,,,,,,,, *,,,,,,,,,,,..#
*,*,*******
************#5######.*,*
#hw......,,* #@.%.....***
######5#######* #..>...#
#.###### #.# #.# #<# #.# #.#


You could see a worm, Natasha and 2 cerulean imps.

Vanquished Creatures
  A gnoll (D:1)
  4 dart slugs (D:1)
  2 bats (D:1)
  2 endoplasms
  A kobold (D:2)
  A quokka (D:1)
  2 frilled lizards (D:2)
  3 rats (D:1)
16 creatures vanquished.

Notes
Turn   | Place    | Note
-------+----------+-------------------------------------------
     0 | D:1      | qw the Gargoyle Hexslinger began the quest for the Orb.
     0 | D:1      | Reached XP level 1. HP: 12/12 MP: 2/2
     0 | D:1      | 0 ||| qw: Version: 0.3-a-51-g015441d
     0 | D:1      | 0 ||| qw: Game counter: 3946
     0 | D:1      | 0 ||| qw: Melee chars always use a shield: true
     0 | D:1      | 0 ||| qw: God list: Okawaru
     0 | D:1      | 0 ||| qw: Allow faded altars: false
     0 | D:1      | 0 ||| qw: Do Orc after clearing Dungeon:15 true
     0 | D:1      | 0 ||| qw: Do second Lair branch before Depths: true
     0 | D:1      | 0 ||| qw: Lair rune preference: random
     0 | D:1      | 0 ||| qw: Goals: Normal
     0 | D:1      | 0 ||| PLANNING D:1-11
    17 | D:1      | 17 ||| FLEEEEING.
    19 | D:1      | 19 ||| FLEEEEING.
    20 | D:1      | 20 ||| FLEEEEING.
    69 | D:1      | 69 ||| FLEEEEING.
   108 | D:1      | Reached XP level 2. HP: 16/16 MP: 3/3
   243 | D:1      | Reached skill level 3 in Ranged Weapons
   344 | D:1      | You fall into a shaft and drop 1 floor!
   361 | D:2      | Reached XP level 3. HP: 20/20 MP: 4/4
   385 | D:2      | 385 ||| UPGRADING to +0 ring mail.
   395 | D:2      | 395 ||| DROPPING +0 robe.
   396 | D:2      | 396 ||| READING scroll labelled WOVACZ CEBRIJASI.
   397 | D:2      | 397 ||| READING scroll labelled SULAJECLEI.
   398 | D:2      | 398 ||| READING scroll labelled TAUFAW HIFFACK.
   399 | D:2      | 399 ||| DROPPING scroll of poison.
   796 | D:1      | 796 ||| READING scroll labelled EZAFEIRALE.
   845 | D:2      | Noticed Natasha
   853 | D:2      | HP: 2/21 [worm (6)]
   854 | D:2      | Slain by a cerulean imp

Levels and vault maps discovered:
D:1:      nicolae_arrival_somewhat_less_tricky_arrival, layout_loops_cross,
          minmay_misc_feat_roman
D:2:      layout_loops_ring, serial_shops, shop, uniq_crazy_yiuf_cottage,
          uniq_sigmund, uniq_natasha

Skill      XL: |  1  2 |
---------------+-------+-----
Ranged Weapons | 3 |  3.3
Fighting       | |  1.8
Dodging        | |  1.5
Spellcasting   | |  1.0
Hexes          | |  2.6

Action                     || total
---------------------------++-------
   Fire: Sling             ||    58
    Use: Scroll            ||     4
 Armour: Robe              ||     1
         Ring mail         ||     9
  Dodge: Dodged            ||    12

Table legend:
 A = Non-vault XP
 B = Vault XP
 C = Vault XP percentage of total XP
 D = Non-vault monster count
 E = Vault monster count
 F = Vault count percentage of total count
                 A         B        C        D         E       F
            +---------+---------+-------+---------+---------+-------
      Total |      47 |       0 |   0.0 |      16 |       0 |   0.0
            +---------+---------+-------+---------+---------+-------
        D:1 |      41 |       0 |   0.0 |      12 |       0 |   0.0
        D:2 |       6 |       0 |   0.0 |       4 |       0 |   0.0
            +---------+---------+-------+---------+---------+-------
